cohdb
Replays
Latest Replays
All Replays
Popular Replays
Top Player Replays
Match Explorer
How It Works
Community
CoH3 Stats
Reddit
Sign in to upload your games and track your stats! →
Sign in with Steam
Match 42234086
Unlisted
Match 42234086
Overview
Messages
Build Orders
End
Pioneer Squad
Construct Infanterie Kompanie
Selects Terror Battlegroup
MG 42 Machine Gun Team
Grenadier Squad
Grenadier Squad
Grenadier Squad
Selects Heavy Gunnery
GrW 34 Mortar Team
Grenadier Squad
Construct Panzergrenadier Kompanie
251 Medium Carrier
Pak 40 Anti-tank Gun Team
Pioneer Squad
Selects Contempt for the Weak
Panzergrenadier Squad
Support Elements
Selects No Quarter
StuG III G Assault Gun
251 Medium Carrier
Panzergrenadier Squad
Grenadier Squad
cayemr
Pablo12GR
Insomniac
thehitman0
0
0
Comments
sign in to comment!
No comments posted yet!